 Dungeon Crawl Stone Soup version 0.29-a0-322-g68df515428 (webtiles) character file.

Game seed: 16397035181912869490

287 GigaChad the Covered (level 6, -1/53 HPs)
             Began as a Minotaur Fighter on Apr 6, 2022.
             Was a Believer of Fedhas.
             Slain by a gnoll
             ... wielding a +0 spear
              (8 damage)
             ... on level 4 of the Dungeon.
             The game lasted 00:07:56 (1993 turns).

GigaChad the Covered (Minotaur Fighter)             Turns: 1993, Time: 00:07:57

Health: -1/53      AC:  7    Str: 20    XL:     6   Next: 8%
Magic:  5/5        EV: 10    Int:  5    God:    Fedhas [**....]
Gold:   77         SH:  5    Dex: 12    Spells: 5/5 levels left

rFire   . . .      SeeInvis .   a - +1 long sword
rCold   . . .      Faith    +   c - +0 buckler
rNeg    . . .      Spirit   .   b - +0 scale mail
rPois   .          Reflect  .   (helmet restricted)
rElec   .          Harm     .   (no cloak)
rCorr   .          Rampage  .   (no gloves)
Will    .....                   (no boots)
Stlth   ..........              o - amulet of faith
HPRegen 0.17/turn               (no ring)
MPRegen 0.09/turn               (no ring)

@: no status effects
A: horns 2, retaliatory headbutt
a: Renounce Religion, Wall of Briars


You were on level 4 of the Dungeon.
You worshipped Fedhas.
Fedhas was pleased with you.
You visited 1 branch of the dungeon, and saw 4 of its levels.

You collected 77 gold pieces.

Inventory:

Hand Weapons
 a - a +1 long sword (weapon)
 e - a +0 spear
Missiles
 h - 4 curare-tipped darts (quivered)
 k - 3 poisoned darts
Armour
 b - a +0 scale mail (worn)
 c - a +0 buckler (worn)
 u - a +0 pair of boots
Jewellery
 o - an amulet of faith (around neck)
Scrolls
 i - a scroll of magic mapping {unknown}
 j - 2 scrolls of amnesia
 p - a scroll of holy word {unknown}
 r - a scroll of identify
 s - a scroll of vulnerability {unknown}
 t - 2 scrolls of noise {unknown}
 v - 2 scrolls of immolation {unknown}
Potions
 d - a potion of might
 f - a potion of attraction
 g - a potion of brilliance {unknown}
 l - 2 potions of mutation {unknown}
 m - a potion of degeneration
 q - a potion of resistance {unknown}
 w - a potion of heal wounds {unknown}


   Skills:
 + Level 4.6 Fighting
 + Level 5.1 Long Blades
 + Level 5.1 Armour
 + Level 1.7 Dodging
 + Level 4.4 Shields


You had 5 spell levels left.
You didn't know any spells.
Your spell library contained the following spells:

 Spells                   Type           Power      Damage    Failure   Level
 Sublimation of Blood     Necr           0%         N/A       96%         2
 Petrify                  Tmut/Erth      0%         N/A       100%        4
 Irradiate                Conj/Tmut      0%         3d13      100%        5


Dungeon Overview and Level Annotations

Branches:
Dungeon (4/15)
 Temple: D:4-7

Altars:
Fedhas


Innate Abilities, Weirdness & Mutations

You have a pair of horns on your head.
You reflexively headbutt those who attack you in melee.


Message History

* * * LOW HITPOINT WARNING * * *
The howler monkey attacks as you move away!
The howler monkey hits you but does no damage.
The gnoll hits you with a +0 spear.
* * * LOW HITPOINT WARNING * * *
The gnoll hits you from afar with a +0 spear.
* * * LOW HITPOINT WARNING * * *
The howler monkey hits you.
* * * LOW HITPOINT WARNING * * *
You open the door. You block the gnoll's attack.
An orc comes into view. It is wielding a +0 whip.
The gnoll hits you but does no damage.
The howler monkey hits you but does no damage.
Found an escape hatch in the ceiling.
The howler monkey closely misses you. The gnoll closely misses you.
There is an open door here.
The howler monkey hoots and howls with incredible vigour!
You hear a shout!
The howler monkey attacks as you move away!
The howler monkey barely misses you.
You open the door. The howler monkey hits you.
* * * LOW HITPOINT WARNING * * *
There is an open door here.
You block the howler monkey's attack.
You feel better.
The howler monkey hits you but does no damage.
The howler monkey attacks as you move away!
The howler monkey hits you but does no damage.
You hit the howler monkey. Your headbutt misses the howler monkey.
The howler monkey is almost dead.
The howler monkey hoots and howls with incredible vigour!
The gnoll hits you but does no damage.
The howler monkey hits you but does no damage.
You hear a shout!
You closely miss the howler monkey.
You headbutt the howler monkey, but do no damage.
The howler monkey is almost dead.
The gnoll hits you from afar with a +0 spear!
You die...
Fedhas appreciates your contribution to the ecosystem.

.............# ..
..#........)##'##
#.#.........#....
#####.#.........#....
..............##....
.............'....
##.##.....#..#....
+@hggo....'..)....
#####.....#..#....
#.<...#<......
#.....#.......
#.....##.##...
.......##.. ...
........##o.....
.....#####.....#
#.####


You could see a howler monkey, 2 gnolls and an orc.

Vanquished Creatures
  A water moccasin (D:4)
  A howler monkey (D:4)
  Jessica (D:2)
  An iguana (D:3)
  A gnoll (D:4)
  2 adders (D:2)
  A worm (D:2)
  2 ball pythons
  4 bats
  7 endoplasms
  2 giant cockroaches (D:1)
  6 goblins
  3 hobgoblins
  6 jackals
  6 quokkas
  A frilled lizard (D:2)
  11 kobolds
  5 rats
61 creatures vanquished.

Vanquished Creatures (others)
  7 plants (D:2)
7 creatures vanquished.

Grand Total: 68 creatures vanquished

Notes
Turn   | Place    | Note
-------+----------+-------------------------------------------
     0 | D:1      | GigaChad the Minotaur Fighter began the quest for the Orb.
     0 | D:1      | Reached XP level 1. HP: 19/19 MP: 0/0
   309 | D:1      | Reached XP level 2. HP: 26/27 MP: 1/1
   361 | D:1      | Found a faded altar of an unknown god.
   372 | D:1      | Prayed at the altar of an unknown god.
   372 | D:1      | Became a worshipper of Fedhas Madash
   372 | D:1      | Reached * piety under Fedhas
   583 | D:2      | Noticed Jessica
   603 | D:2      | Reached XP level 3. HP: 31/33 MP: 2/2
   605 | D:2      | Killed Jessica
   815 | D:2      | Reached ** piety under Fedhas
   816 | D:2      | Reached XP level 4. HP: 36/40 MP: 3/3
  1803 | D:3      | Reached skill level 1 in Dodging
  1944 | D:4      | Noticed a water moccasin
  1952 | D:4      | Killed a water moccasin
  1953 | D:4      | Reached skill level 5 in Armour
  1953 | D:4      | Reached XP level 5. HP: 37/47 MP: 4/4
  1970 | D:4      | Reached skill level 5 in Long Blades
  1970 | D:4      | Reached XP level 6. HP: 30/53 MP: 5/5
  1986 | D:4      | HP: 1/53 [howler monkey (4)]
  1993 | D:4      | Slain by a gnoll

Illustrated notes

Levels and vault maps discovered:
D:1:      dpeg_arrival_refuge, layout_loops_ring,
          ebering_ecumenical_altar_petrified
D:2:      cheibrodos_old_hovel, layout_loops_ring, uniq_jessica
D:3:      layout_loops_ring
D:4:      layout_basic

Skill      XL: |  1  2  3  4  5 |
---------------+----------------+-----
Armour         | 4 5 |  5.1
Shields        | 4 |  4.4
Fighting       | 4 |  4.6
Long Blades    | 3 4 5 |  5.1
Dodging        | 1 |  1.7

Action                   |  1- 3 |  4- 6 || total
-------------------------+-------+-------++-------
Melee: Long sword        |    79 |    74 ||   153
       Headbutt          |    12 |    11 ||    23
Invok: Wall of Briars    |       |     1 ||     1
  Use: Scroll            |     7 |       ||     7
       Potion            |       |     1 ||     1
Armor: Scale mail        |    45 |    38 ||    83
Dodge: Dodged            |    49 |    53 ||   102
Block: Buckler           |    18 |    15 ||    33

Table legend: (Time is in decaauts)
 A = Elapsed time spent in this place.
 B = Non-inter-level travel time spent in this place.
 C = Inter-level travel time spent in this place.
 D = Time resting spent in this place.
 E = Time spent auto-exploring this place.
 F = Levels seen in this place.
 G = Mean time per level.
                   A        B        C        D        E       F      G
               +--------+--------+--------+--------+--------+-----+--------+
         Total |   2035 |   2017 |     18 |      0 |    597 |   4 |  508.8 |
       Dungeon |   2035 |   2017 |     18 |      0 |    597 |   4 |  508.8 |
               +--------+--------+--------+--------+--------+-----+--------+

Top non-repeatable levels by time:
     D:2: 731 daAuts
     D:3: 674 daAuts
     D:1: 575 daAuts
     D:4: 54 daAuts
